 Dungeon Sprint DCSS version 0.29-a0-284-gf9362112df (webtiles) character file.

Game seed: 2584519266028739576

821 mhtbhm the Slinger (level 7, -4/66 HPs)
             Began as a Minotaur Hunter on Mar 21, 2022.
             Slain by a sun demon (6 damage)
             ... summoned by a kobold demonologist
             ... in the Dungeon (Sprint III: "The Ten Rune Challenge").
             The game lasted 00:03:51 (1362 turns).

mhtbhm the Slinger (Minotaur Hunter)                Turns: 1362, Time: 00:03:52

Health: -4/66      AC:  4    Str: 15    XL:     7   Next: 63%
Magic:  6/6        EV: 14    Int:  6    God:
Gold:   17         SH:  0    Dex: 16    Spells: 6/6 levels left

rFire   + + .      SeeInvis .   k - +2 dagger (freeze)
rCold   + . .      Faith    .   (no shield)
rNeg    . . .      Spirit   .   b - +0 leather armour
rPois   +          Reflect  .   (helmet restricted)
rElec   +          Harm     .   (no cloak)
rCorr   +          Rampage  .   (no gloves)
Will    .....      NoTele   +   (no boots)
Stlth   +++.......              (no amulet)
HPRegen 0.21/turn               (no ring)
MPRegen 0.10/turn               (no ring)

@: resistant
A: horns 2, retaliatory headbutt, camouflage 1, fire resistance 1, wild magic 1,
MP-powered wands
a: no special abilities


You were in the Dungeon.
You visited 1 branch You collected 17 gold pieces.

Inventory:

Hand Weapons
 a - a +1 hunting sling
 k - a +2 dagger of freezing (weapon)
Armour
 b - a +0 leather armour (worn)
Wands
 d - a wand of iceblast (2)
Scrolls
 c - a scroll of immolation
 m - 2 scrolls of holy word
 n - a scroll of identify
Potions
 g - 2 potions of magic
 l - 2 potions of mutation
 o - a potion of brilliance
 p - 2 potions of flight


   Skills:
 + Level 7.3 Fighting
 + Level 4.4 Short Blades
 + Level 14.2 Slings
 + Level 8.1 Armour
 + Level 5.7 Dodging
 + Level 1.1 Stealth
 + Level 1.5 Evocations


You had 6 spell levels left.
You didn't know any spells.
Your spell library was empty.

Dungeon Overview and Level Annotations

Branches:
Dungeon (1/1)

Altars:
Dithmenos
Elyvilon
Kikubaaqudgha
Ru
Sif Muna
Vehumet
Yredelemnul
Zin
The Shining One


Innate Abilities, Weirdness & Mutations

You have a pair of horns on your head.
You reflexively headbutt those who attack you in melee.
Your skin changes colour to match your surroundings (Stealth+).
Your flesh is heat resistant. (rF+)
Your spells are a little harder to cast, but a little more powerful.
You expend magic power (3 MP) to strengthen your wands.


Message History

The sun demon hits you!
You are engulfed in flames.
You resist.
You shoot a sling bullet.
The sling bullet closely misses the sun demon.
The sling bullet hits the kobold demonologist.
The kobold demonologist is lightly wounded.
The sun demon hits you!!
You are engulfed in flames!
You resist.
You are too injured to fight recklessly!
You are too injured to fight recklessly!
You are too injured to fight recklessly!
You are too injured to fight recklessly!
You are too injured to fight recklessly!
You are too injured to fight recklessly!
You are too injured to fight recklessly!
You are too injured to fight recklessly!
You are too injured to fight recklessly!
You are too injured to fight recklessly!
You are too injured to fight recklessly!
You are too injured to fight recklessly!
Unknown command.
You feel protected. The sun demon barely misses you. You furiously retaliate!
You headbutt the sun demon.
Fire: a) +1 hunting sling
Press: ? - help, Q - select action, (/) - cycle Shift-Dir - straight line, f/p - sun demon
Aim: a sun demon (lightly wounded, summoned, 63% to hit)
Okay, then.
Your +2 dagger of freezing glows with a cold blue light!
k - a +2 dagger of freezing (weapon)
You closely miss the sun demon. You headbutt the sun demon.
The sun demon is lightly wounded.
The sun demon closely misses you.
You hit the sun demon but do no damage.
The sun demon is lightly wounded.
The sun demon barely misses you.
You completely miss the sun demon.
The sun demon is lightly wounded.
The sun demon hits you!!
* * * LOW HITPOINT WARNING * * *
You are engulfed in flames.
You resist.
You die...

#..'.....♣♣ ♣.##### ####
#..#....♣.♣ ♣♣.#___# #__#
####....♣.♣ ♣..#...# #._#
...#....≈♣♣ ♣..###'#+###'##
...#...≈≈.♣♣♣..#.)........#
..[#..≈≈≈≈..♣♣.'.⌠...)....#
##'#..≈≈≈≈≈≈...#...######'#
.[.#.≈≈≈≈≈≈....#.⌠.# ..#
...#.≈≈≈≈≈.....#@..# ...#
...#.≈≈≈.......#3### #...#
####...........#K) #...+
...............#___ +...#
▓▓▓▓▓▓▓▓▓▓▓▓▓▓▓▓▓▓▓▓ ▓▓▓▓▓


You could see a sun demon (summoned) and a kobold demonologist.

Vanquished Creatures
  A deep elf pyromancer (D)
  A shadow (D)
  A necrophage (D)
  A water elemental (D)
  A jelly (D)
  Jessica (D)
  A wizard (D)
  A necromancer (D)
  A human (D)
  A wolf (D)
  An endoplasm (D)
  2 rats (D)
13 creatures vanquished.

Notes
Turn   | Place    | Note
-------+----------+-------------------------------------------
     0 | D        | mhtbhm the Minotaur Hunter began the quest for the Orb.
     0 | D        | Reached XP level 1. HP: 18/18 MP: 0/0
     6 | D        | Reached skill level 5 in Slings
    61 | D        | Noticed Jessica
    67 | D        | Killed Jessica
    68 | D        | Reached skill level 7 in Slings
    68 | D        | Reached XP level 2. HP: 17/26 MP: 1/1
    68 | D        | Reached XP level 3. HP: 21/31 MP: 2/2
   202 | D        | Reached skill level 8 in Slings
   371 | D        | Reached skill level 1 in Armour
   500 | D        | Gained mutation: Your spells are a little harder to cast,
                  | but a little more powerful. [potion of mutation]
   502 | D        | Lost mutation: Your spells are a little harder to cast, but
                  | a little more powerful. [potion of mutation]
   502 | D        | Gained mutation: Your spells are a little harder to cast,
                  | but a little more powerful. [potion of mutation]
   502 | D        | Gained mutation: You have hidden genetic potential. [potion
                  | of mutation]
   502 | D        | Gained mutation: You expend magic power (3 MP) to
                  | strengthen your wands. [potion of mutation]
   559 | D        | Noticed a water elemental
   609 | D        | Killed a water elemental
   610 | D        | Reached skill level 1 in Short Blades
   610 | D        | Reached skill level 9 in Slings
   610 | D        | Reached skill level 1 in Stealth
   610 | D        | Reached XP level 4. HP: 28/40 MP: 3/3
   625 | D        | Gained mutation: Your skin changes colour to match your
                  | surroundings (Stealth+). [hidden potential]
   729 | D        | Found a basalt altar of Yredelemnul.
   729 | D        | Found a shadowy altar of Dithmenos.
   729 | D        | Found a sacrificial altar of Ru.
   729 | D        | Noticed a necrophage
   752 | D        | Killed a necrophage
   753 | D        | Reached skill level 10 in Slings
   753 | D        | Reached XP level 5. HP: 19/47 MP: 4/4
   756 | D        | Reached skill level 11 in Slings
   763 | D        | Gained mutation: Your flesh is heat resistant. (rF+)
                  | [hidden potential]
   763 | D        | Lost mutation: You have hidden genetic potential. [hidden
                  | potential expressed]
  1004 | D        | Found a glowing silver altar of Zin.
  1004 | D        | Found a glowing golden altar of the Shining One.
  1004 | D        | Found a white marble altar of Elyvilon.
  1004 | D        | Noticed a deep elf pyromancer
  1010 | D        | Killed a deep elf pyromancer
  1011 | D        | Reached skill level 13 in Slings
  1011 | D        | Reached skill level 5 in Dodging
  1011 | D        | Reached skill level 1 in Evocations
  1011 | D        | Reached XP level 6. HP: 49/58 MP: 0/5
  1011 | D        | Reached XP level 7. HP: 54/64 MP: 0/6
  1089 | D        | Noticed a shadow
  1109 | D        | Killed a shadow
  1110 | D        | Reached skill level 14 in Slings
  1349 | D        | Found a radiant altar of Vehumet.
  1349 | D        | Found a shimmering blue altar of Sif Muna.
  1349 | D        | Found an ancient bone altar of Kikubaaqudgha.
  1353 | D        | Noticed a sun demon
  1362 | D        | HP: 2/66 [sun demon[a kobold demonologist] (24)]
  1362 | D        | Slain by a sun demon

Illustrated notes

Levels and vault maps discovered:
D:        dungeon_sprint_mu [sprint_mu_entry_forest, sprint_mu_temple_rooms,
          sprint_mu_d1_horrors, sprint_mu_d2_genie, sprint_mu_d3_branching,
          sprint_mu_orc_legion, sprint_mu_elf_gauntlet, sprint_mu_hive_nellie,
          sprint_mu_lair_fedhas, sprint_mu_vaults_butterflies,
          sprint_mu_slime_circle, sprint_mu_swamp_cave, sprint_mu_shoals_archi,
          sprint_mu_blade_basic, sprint_mu_crypt_chambers,
          sprint_mu_tomb_spiral, sprint_mu_vestibule_basic,
          sprint_mu_gehenna_hellfire, sprint_mu_dis_giant,
          sprint_mu_tartarus_statrot, sprint_mu_cocytus_islands, sprint_mu_zot1]

Skill      XL: |  1  2  3  4  5  6  7 |
---------------+----------------------+-----
Slings         | 7 9 10 13 14 | 14.2
Fighting       | 3 4 6 7 |  7.3
Dodging        | 3 4 5 |  5.7
Armour         | 2 4 7 8 |  8.1
Short Blades   | 1 2 3 4 |  4.4
Stealth        | 1 |  1.1
Evocations     | 1 |  1.5

Action                   |  1- 3 |  4- 6 |  7- 9 || total
-------------------------+-------+-------+-------++-------
Melee: Dagger            |    26 |     2 |    11 ||    39
       Headbutt          |     6 |       |     3 ||     9
       Punch             |     1 |       |       ||     1
       Hunting sling     |       |       |     1 ||     1
 Fire: Hunting sling     |    31 |    10 |    20 ||    61
Evoke: Wand              |       |     3 |       ||     3
  Use: Potion            |     3 |     3 |     2 ||     8
       Scroll            |       |     3 |     1 ||     4
Armor: Leather armour    |     2 |     1 |     2 ||     5
Dodge: Dodged            |    16 |     6 |     8 ||    30

Table legend: (Time is in decaauts)
 A = Elapsed time spent in this place.
 B = Non-inter-level travel time spent in this place.
 C = Inter-level travel time spent in this place.
 D = Time resting spent in this place.
 E = Time spent auto-exploring this place.
 F = Levels seen in this place.
 G = Mean time per level.
                   A        B        C        D        E       F      G
               +--------+--------+--------+--------+--------+-----+--------+
         Total |   1352 |   1352 |      0 |   1024 |      1 |   1 | 1352.0 |
       Dungeon |   1352 |   1352 |      0 |   1024 |      1 |   1 | 1352.0 |
               +--------+--------+--------+--------+--------+-----+--------+

Top non-repeatable levels by time:
       D: 1352 daAuts
